 Dungeon Crawl Stone Soup version 0.27.1-34-g3ba077fa99 (webtiles) character file.

Game seed: 17794141036013760536

2 pkoi the Skirmisher (level 1, -1/19 HPs)
             Began as a Draconian Monk on Jan 17, 2022.
             Slain by a gnoll (4 damage)
             ... on level 1 of the Dungeon.
             The game lasted 00:00:08 (107 turns).

pkoi the Skirmisher (Draconian Monk)                 Turns: 107, Time: 00:00:09

Health: -1/19      AC:  4    Str: 13    XL:     1   Next: 33%
Magic:  1/1        EV: 12    Int: 10    God:
Gold:   12         SH:  0    Dex: 13    Spells: 0/0 levels left

rFire    . . .     SeeInvis .     - Unarmed
rCold    . . .     Faith    .   (no shield)
rNeg     . . .     Spirit   .   (armour unavailable)
rPois    .         Reflect  .   (helmet restricted)
rElec    .         Harm     .   (no cloak)
rCorr    .         Rampage  .   (no gloves)
Will     .....                  (no boots)
Stlth    ++........             (no amulet)
HPRegen  0.06/turn              (no ring)
MPRegen  0.07/turn              (no ring)

@: no status effects
A: AC +4, unfitting armour, cold-blooded
a: no special abilities


You were on level 1 of the Dungeon.
You visited 1 branch of the dungeon, and saw 1 of its levels.

You collected 12 gold pieces.

Inventory:

Scrolls
 a - a scroll of blinking {unknown}


   Skills:
 - Level 3.2 Fighting
 - Level 2.6 Dodging
 - Level 1.7 Stealth
 + Level 3.2 Unarmed Combat


You couldn't memorise any spells.
You didn't know any spells.
Your spell library was empty.

Dungeon Overview and Level Annotations

Branches:
Dungeon (1/15)

Altars:


Innate Abilities, Weirdness & Mutations

Your plain brown scales are hard. (AC +4)
You cannot fit into any form of body armour.
You are cold-blooded and may be slowed by cold attacks.


Message History

The kobold is heavily wounded.
The bat hits you but does no damage. The kobold barely misses you.
You hit the kobold.
The kobold is severely wounded.
The bat closely misses you. The kobold barely misses you.
You hit the kobold.
You kill the kobold!
The bat hits you but does no damage.
Found a robe and 13 stones.
The bat hits you but does no damage. The gnoll hits you with a +0 whip.
You are too injured to fight recklessly!
You are too injured to fight recklessly!
You are too injured to fight recklessly!
You are too injured to fight recklessly!
You are too injured to fight recklessly!
You are too injured to fight recklessly!
You are too injured to fight recklessly!
You are too injured to fight recklessly!
You are too injured to fight recklessly!
You are too injured to fight recklessly!
You are too injured to fight recklessly!
You are too injured to fight recklessly!
You are too injured to fight recklessly!
You are too injured to fight recklessly!
You are too injured to fight recklessly!
You are too injured to fight recklessly!
You are too injured to fight recklessly!
You are too injured to fight recklessly!
You are too injured to fight recklessly!
You are too injured to fight recklessly!
You barely miss the gnoll.
Your tail-slap misses the gnoll.
The bat closely misses you. The gnoll closely misses you.
You punch the gnoll!
The gnoll is heavily wounded.
The bat misses you. The gnoll hits you with a +0 whip!
* * * LOW HITPOINT WARNING * * *
You hit the gnoll.
The gnoll is severely wounded.
The bat hits you but does no damage. The gnoll hits you with a +0 whip.
You die...

####.....(...
#............
#............
#............
#............
#.......b....
##.....g......
#....)@.......
#.............
#.............
#............[
#.############
#.#
#.#############
#.#.........^.#
#...
#.#...........#
....


You could see a gnoll and a bat.

Vanquished Creatures
  A bat (D:1)
  A kobold (D:1)
2 creatures vanquished.

Notes
Turn   | Place    | Note
-------+----------+-------------------------------------------
     0 | D:1      | pkoi the Draconian Monk began the quest for the Orb.
     0 | D:1      | Reached XP level 1. HP: 19/19 MP: 1/1
    39 | D:1      | Found a faded altar of an unknown god.
   107 | D:1      | Slain by a gnoll

Illustrated notes

Levels and vault maps discovered:
D:1:      grunt_arrival_lava_bath, layout_basic, ebering_ecumenical_altar_box,
          serial_bayou_pond_e, chequers_mini_garden

Action                   || total
-------------------------++-------
Melee: Unarmed           ||    13
Armor: Skin              ||     9
Dodge: Dodged            ||    19
